 Dungeon Crawl Stone Soup version 0.28-a0-1374-ga75cb3825e (webtiles) character file.

Game seed: 17188791528112425384

487 avis the Insei (level 7, -4/62 HPs)
             Began as a Naga Transmuter on Jan 1, 2022.
             Slain by an ice beast (12 damage)
             ... on level 5 of the Dungeon.
             The game lasted 00:24:14 (5080 turns).

avis the Insei (Naga Transmuter)                    Turns: 5080, Time: 00:24:14

Health: -4/62      AC:  5    Str: 12    XL:     7   Next: 13%
Magic:  10/11      EV: 10    Int: 14    God:
Gold:   262        SH:  0    Dex: 15    Spells: 4/12 levels left

rFire   . . .      SeeInvis +   B - +3 trident "Giant's Death Toll" {vamp, Dex+2}
rCold   . . .      Faith    .   (no shield)
rNeg    . . .      Spirit   .   D - +0 troll leather armour
rPois   +          Reflect  .   m - +0 helmet
rElec   .          Harm     .   (no cloak)
rCorr   .          Rampage  .   (no gloves)
Will    .....                   (no barding)
Stlth   ++........              (no amulet)
HPRegen 1.00/turn               l - ring of wizardry
MPRegen 0.12/turn               (no ring)

@: very slow
A: AC +2, large, see invisible, deformed body, poison resistance, slowness 2,
spit poison 1, naga tail 1
a: Spit Poison


You were on level 5 of the Dungeon.
You visited 1 branch of the dungeon, and saw 5 of its levels.

You collected 262 gold pieces.

Inventory:

Hand Weapons
 u - a +4 dagger
 B - the +3 trident "Giant's Death Toll" (weapon) {vamp, Dex+2}
   (You found it on level 4 of the Dungeon)

   It occasionally heals its wielder for a portion of the damage dealt when it
   wounds a living foe.
   Dex:       It affects your dexterity (+2).
Missiles
 d - 4 poisoned darts
 g - 33 arrows
 h - 56 stones
 j - 21 sling bullets
 r - 18 bolts
 t - 5 boomerangs
 w - 4 silver javelins
Armour
 a - a +0 robe
 m - a +0 helmet (worn)
 D - a +0 troll leather armour (worn)
Magical Staves
 b - a staff of conjuration
Jewellery
 l - a ring of wizardry (left hand)
 o - an amulet of guardian spirit
Wands
 E - a wand of polymorph (7)
Scrolls
 c - a scroll of amnesia {unknown}
 i - 2 scrolls of teleportation {unknown}
 n - a scroll of summoning {unknown}
 p - 3 scrolls of enchant weapon {unknown}
 v - a scroll of fear {unknown}
 x - 2 scrolls of fog {unknown}
 y - a scroll of blinking {unknown}
 A - a scroll of enchant armour {unknown}
 C - a scroll of acquirement {unknown}
 F - a scroll of immolation
Potions
 e - a potion of cancellation {unknown}
 f - a potion of resistance {unknown}
 k - a potion of flight {unknown}
 q - a potion of mutation {unknown}
 s - a potion of degeneration {unknown}
 z - a potion of brilliance {unknown}
 G - a potion of attraction {unknown}
 H - a potion of ambrosia {unknown}


   Skills:
 - Level 3.0 Fighting
 * Level 2.1 Dodging
 - Level 3.0 Stealth
 - Level 5.0 Unarmed Combat
 - Level 3.0 Spellcasting
 - Level 3.0 Transmutations
 - Level 2.0 Ice Magic
 - Level 2.0 Poison Magic


You had 4 spell levels left.
You knew the following spells:

 Your Spells              Type           Power      Damage    Failure   Level
a - Beastly Appendage     Tmut           20%        N/A       3%          1
p - Spider Form           Tmut/Pois      9%         N/A       12%         3
q - Ice Form              Ice/Tmut       9%         N/A       34%         4

Your spell library contained the following spells:

 Spells                   Type           Power      Damage    Failure   Level
 Sting                    Tmut/Pois      36%        1d4       4%          1
 Wereblood                Tmut           10%        N/A       4%          2
 Slow                     Hex            8%         N/A       11%         1
 Poisonous Vapours        Pois/Air       8%         N/A       11%         2
 Confusing Touch          Hex            2%         N/A       32%         3
 Gell's Gravitas          Tloc           2%         N/A       32%         3
 Teleport Other           Tloc           2%         N/A       32%         3
 Vampiric Draining        Necr           2%         2d6       32%         3
 Olgreb's Toxic Radiance  Pois           7%         N/A       41%         4
 Excruciating Wounds      Necr           1%         N/A       95%         5
 Death Channel            Necr           1%         N/A       100%        6
 Dispersal                Tloc           1%         N/A       100%        6


Dungeon Overview and Level Annotations

Branches:
Dungeon (5/15)
 Temple: D:4-7

Altars:
Elyvilon
Okawaru
Trog

Shops:
D:2 *

Annotations:
D:4 1 runed translucent door, Grinder; SensoryNuts's ghost, novice DsFi


Innate Abilities, Weirdness & Mutations

Your serpentine skin is tough. (AC +2)
You have supernaturally acute eyesight. (SInv)
Armour fits poorly on your strangely shaped body.
Your system is resistant to poisons. (rPois)
You cover ground very slowly.
You can spit poison.
You have a snake-like lower body.


Message History

You hit the ice beast but do no damage.
The ice beast is lightly wounded.
The ice beast hits you. The ice beast freezes you!
You hit the ice beast but do no damage.
The ice beast is lightly wounded.
The ice beast completely misses you.
You hit the ice beast.
The ice beast is lightly wounded.
You have got your breath back.
The ice beast hits you. The ice beast freezes you!
You hit the ice beast.
The ice beast is lightly wounded.
You hit the ice beast.
The ice beast is moderately wounded.
The ice beast hits you. The ice beast freezes you!
You hit the ice beast but do no damage.
The ice beast is poisoned.
The ice beast is moderately wounded.
The ice beast closely misses you.
You barely miss the ice beast.
The ice beast is moderately wounded.
Your transformation is almost over.
The ice beast hits you but does no damage.
You bite the ice beast!
The ice beast is heavily wounded.
The ice beast closely misses you.
You hit the ice beast but do no damage.
The ice beast is heavily wounded.
The ice beast hits you.
* * * LOW HITPOINT WARNING * * *
The ice beast freezes you!
* * * LOW HITPOINT WARNING * * *
Your transformation has ended.
The +3 trident "Giant's Death Toll" {vamp, Dex+2} unmelds from your body.
Your +0 helmet unmelds from your body.
Your +0 troll leather armour unmelds from your body.
You feel a sense of dread.
The ice beast looks more healthy.
The ice beast hits you.
* * * LOW HITPOINT WARNING * * *
The ice beast freezes you!
You die...

####.#.# #<# #.#.#
.....#.# #.# #.#.# #..
######.# #.# #.#.#+#....
.......# #.####.#......#
###########.............+
######.........#........#
......
#.)................
######
#.#####.#Y###......
#.#@#........
##.....#...... .
#............#
....#........####
.............#
............##
....#.......#
.##.#..........
#.#.......###


You could see an ice beast.

Vanquished Creatures
  A water moccasin (D:4)
  2 ogres (D:4)
  An iguana (D:3)
  A hound skeleton (D:3)
  6 gnolls
  4 adders
  An adder skeleton (D:4)
  2 worms (D:2)
  3 dart slugs
  8 ball pythons
  3 endoplasms
  A giant cockroach (D:2)
  6 goblins
  7 hobgoblins
  4 jackals (D:1)
  8 bats
  8 frilled lizards
  2 kobolds
  3 rats
71 creatures vanquished.

Vanquished Creatures (others)
  A quokka (D:5)
1 creature vanquished.

Grand Total: 72 creatures vanquished

Notes
Turn   | Place    | Note
-------+----------+-------------------------------------------
     0 | D:1      | avis the Naga Transmuter began the quest for the Orb.
     0 | D:1      | Reached XP level 1. HP: 18/18 MP: 3/3
    64 | D:1      | Reached skill level 1 in Stealth
   162 | D:1      | Reached XP level 2. HP: 22/26 MP: 1/5
   541 | D:1      | Found a faded altar of an unknown god.
   777 | D:1      | Got the Tome of Sinister Magic and Translocation
   798 | D:1      | Reached XP level 3. HP: 28/32 MP: 4/6
   956 | D:2      | Reached skill level 1 in Poison Magic
   960 | D:2      | Learned a level 3 spell: Spider Form
  1232 | D:2      | Found Lixum's Assorted Antiques.
  1675 | D:2      | Reached XP level 4. HP: 39/39 MP: 3/7
  2665 | D:3      | Reached skill level 4 in Unarmed Combat
  2678 | D:3      | Reached XP level 5. HP: 34/45 MP: 4/8
  3635 | D:4      | Found a bloodstained altar of Trog.
  3737 | D:4      | Noticed an ogre
  3751 | D:4      | Killed an ogre
  3752 | D:4      | Reached skill level 5 in Unarmed Combat
  3752 | D:4      | Reached XP level 6. HP: 41/56 MP: 6/9
  3838 | D:4      | Learned a level 4 spell: Ice Form
  3859 | D:4      | Identified the +3 trident "Giant's Death Toll" {vamp,
                  | Dex+2}
  4049 | D:4      | Noticed a water moccasin
  4070 | D:4      | Killed a water moccasin
  4353 | D:4      | Found a runed translucent door.
  4355 | D:4      | Noticed SensoryNuts's ghost (novice DsFi)
  4432 | D:4      | Noticed Grinder
  4597 | D:4      | Reached XP level 7. HP: 61/62 MP: 7/11
  4735 | D:5      | Entered Level 5 of the Dungeon
  4968 | D:5      | Found an iron altar of Okawaru.
  5026 | D:5      | Found a white marble altar of Elyvilon.
  5080 | D:5      | Slain by an ice beast

Illustrated notes

Levels and vault maps discovered:
D:1:      lightli_arrival_boilingwater, layout_rooms,
          shapermc_ecumenical_altar_mp_highgroup
D:2:      layout_basic, serial_shops, nicolae_shop_hallway_stairs, minivault_23,
          minivault_11, chequers_serial_rivers_small_3, minmay_pentomino_o2
D:3:      layout_basic
D:4:      layout_cave_pools, mainiacjoe_overflow_chevrons,
          ebering_ghost_inner_flame, uniq_grinder
D:5:      layout_basic, old_standard_altar, elyvilon_altar_4,
          kiku_gazebo_garden_becter, uniq_edmund

Skill      XL: |  1  2  3  4  5  6 |
---------------+-------------------+-----
Stealth        | 1 3 |  3.0
Fighting       | 2 3 |  3.0
Poison Magic   | 2 |  2.0
Dodging        | 2 |  2.1
Unarmed Combat | 4 5 |  5.0
Spellcasting   | 3 |  3.0
Transmutations | 3 |  3.0
Ice Magic      | 2 |  2.0

Action                   |  1- 3 |  4- 6 |  7- 9 || total
-------------------------+-------+-------+-------++-------
Melee: Unarmed           |    49 |    67 |     9 ||   125
       Headbutt          |     3 |     1 |       ||     4
       Trident           |       |     7 |       ||     7
 Cast: Beastly Appendage |    12 |     3 |       ||    15
       Spider Form       |     6 |    14 |     2 ||    22
 Abil: Spit Poison       |    34 |    28 |     1 ||    63
  Use: Potion            |       |     2 |       ||     2
Armor: Robe              |    14 |     4 |       ||    18
       Skin              |     1 |     2 |     1 ||     4
Dodge: Dodged            |    25 |    48 |     3 ||    76

Table legend: (Time is in decaauts)
 A = Elapsed time spent in this place.
 B = Non-inter-level travel time spent in this place.
 C = Inter-level travel time spent in this place.
 D = Time resting spent in this place.
 E = Time spent auto-exploring this place.
 F = Levels seen in this place.
 G = Mean time per level.
                   A        B        C        D        E       F      G
               +--------+--------+--------+--------+--------+-----+--------+
         Total |   6302 |   5704 |    598 |   1251 |   3309 |   5 | 1260.4 |
       Dungeon |   6302 |   5704 |    598 |   1251 |   3309 |   5 | 1260.4 |
               +--------+--------+--------+--------+--------+-----+--------+

Top non-repeatable levels by time:
     D:3: 1709 daAuts
     D:2: 1695 daAuts
     D:4: 1472 daAuts
     D:1: 1135 daAuts
     D:5: 289 daAuts
